 Dungeon Crawl Stone Soup version 0.26-a0-810-ge1a9524b62 (webtiles) character file.

Game seed: 10386464285569236509

83 Whiskey the Insei (level 4, -1/29 HPs)
             Began as an Octopode Transmuter on Nov 13, 2020.
             Slain by an orc (2 damage)
             ... on level 3 of the Dungeon.
             The game lasted 00:02:00 (2301 turns).

Whiskey the Insei (Octopode Transmuter)             Turns: 2301, Time: 00:02:01

Health: -1/29      AC:  1    Str: 10    XL:     4   Next: 44%
Magic:  7/7        EV: 13    Int: 15    God:
Gold:   103        SH:  0    Dex: 12    Spells: 6/7 levels left

rFire    . . .     SeeInvis .     - Unarmed
rCold    . . .     Faith    .   (no shield)
rNeg     . . .     Spirit   .   (helmet currently unavailable)
rPois    .         Reflect  .   (no amulet)
rElec    .         Harm     .   (no ring)
rCorr    .         Rampage  .   (no ring)
MR       .....                  (no ring)
Stlth    ++........             (no ring)
HPRegen  0.09/turn              (no ring)
MPRegen  0.10/turn              (no ring)
                                (no ring)
                                (no ring)

@: appendages (expiring)
A: almost no armour, stealthy swim, amphibious, 8 rings, constrict 8, tentacle
spike 3, camouflage 1, gelatinous body 1
a: End Transformation


You were on level 3 of the Dungeon.
One of your tentacles had a temporary spike.
You visited 1 branch of the dungeon, and saw 3 of its levels.

You collected 103 gold pieces.

Inventory:

Hand Weapons
 f - a +1 whip of electrocution
   (You found it on level 1 of the Dungeon)
 i - a +4 dagger
   (You found it on level 2 of the Dungeon)
Jewellery
 j - an uncursed ring of ice {rC+, rF-}
   (You took it off a goblin on level 2 of the Dungeon)
Scrolls
 b - 4 scrolls of teleportation {unknown}
 c - 2 scrolls of identify {unknown}
 e - 2 scrolls of remove curse {unknown}
 g - a scroll of amnesia {unknown}
 k - a scroll of magic mapping {unknown}
Potions
 a - a potion of magic {unknown}
 d - a potion of curing {unknown}
 h - 2 potions of haste {unknown}


   Skills:
 + Level 2.1 Fighting
 - Level 2.0 Dodging
 + Level 3.6 Unarmed Combat
 - Level 2.0 Spellcasting
 * Level 3.5 Transmutations


You had 6 spell levels left.
You knew the following spells:

 Your Spells              Type           Power        Failure   Level
a - Beastly Appendage     Tmut           ##....       5%          1

Your spell library contained the following spells:

 Spells                   Type           Power        Failure   Level
 Wereblood                Tmut           ##......     8%          2
 Spider Form              Tmut/Pois      #.........   32%         3
 Ice Form                 Ice/Tmut       #.......     71%         4
 Blade Hands              Tmut           ##........   82%         5


Dungeon Overview and Level Annotations

Branches:
Dungeon (3/15)

Altars:
Makhleb


Innate Abilities, Weirdness & Mutations

You cannot wear most types of armour.
You are very stealthy in the water. (Stealth+)
You are amphibious.
You can wear up to eight rings at the same time.
You can use your tentacles to constrict eight enemies at once.
Your skin changes colour to match your surroundings (Stealth+).
Your rubbery body absorbs attacks. (AC +1, EV +1)
One of your tentacles bears a large vicious spike.


Message History

Items here: ( )) [.
You see here a stone.
You see here a stone.
You see here 2 stones.
There is an escape hatch in the ceiling here.
You open the door.
There is an open door here.
Found an escape hatch in the floor.
Done exploring.
Done exploring.
There is an escape hatch in the floor here.
You slide downwards.
The hatch slams shut behind you.
A dart slug comes into view.
Found a stone staircase leading down and a stone staircase leading up.
One of your tentacles grows a vicious spike.
You now have 5/6 mp.
The dart slug launches a dart at you. The slug dart hits you.
You take 6 damage, and have 18/24 hp.
MASSIVE DAMAGE!!
You tentacle-slap the dart slug but do no damage.
You grab the dart slug. You constrict the dart slug.
You tentacle-slap the dart slug.
You pierce the dart slug, but do no damage.
You constrict the dart slug. The dart slug bites you.
You take 3 damage, and have 16/24 hp.
You tentacle-slap the dart slug.
You kill the dart slug!
No target in view!
No target in view!
No target in view!
No target in view!
No target in view!
No target in view!
No target in view!
No target in view!
No target in view!
No target in view!
Your transformation is almost over.
Your tentacle spike disappears.
There is a stone staircase leading up here.
An orc comes into view.
Health restored: 24; MP restored: 6 One of your tentacles grows a vicious spike.
You now have 5/6 mp.
An orc priest and an orc wizard come into view.
The orc shouts!
The orc priest shouts!
You hear a shout!
An orc comes into view.
An orc comes into view.
The orc wizard shouts!
The orc moves out of view.
You tentacle-slap the orc but do no damage.
Your grab misses the orc.
Your transformation is almost over.
The orc hits you.
You tentacle-slap the orc. You grab the orc.
You pierce the orc, but do no damage.
You constrict the orc, but do no damage.
The orc closely misses you.
You tentacle-slap the orc but do no damage.
You constrict the orc, but do no damage.
The orc closely misses you.
You take 3 damage, and have 21/24 hp.
You tentacle-slap the orc.
You kill the orc!
The orc priest barely misses you. The orc hits you but does no damage.
The orc wizard misses you.
You barely miss the orc priest. Your grab misses the orc priest.
The orc priest closely misses you. The orc hits you. x2
The orc wizard hits you but does no damage.
You take 7 damage, and have 14/24 hp.
MASSIVE DAMAGE!!
You tentacle-slap the orc priest. You grab the orc priest.
You pierce the orc priest.
You constrict the orc priest. The orc priest misses you.
The orc hits you but does no damage. The orc barely misses you.
The orc wizard points at you and mumbles some strange words.
The puff of frost hits you!
* * * LOW HITPOINT WARNING * * *
You take 10 damage, and have 4/24 hp.
MASSIVE DAMAGE!!
MP restored: 6 You tentacle-slap the orc priest.
You constrict the orc priest, but do no damage.
The orc priest barely misses you. The orc misses you. The orc hits you.
* * * LOW HITPOINT WARNING * * *
The orc wizard barely misses you.
You take 1 damage, and have 3/24 hp.
You tentacle-slap the orc priest but do no damage.
Your tentacle spike misses the orc priest.
You constrict the orc priest.
The orc priest calls down the wrath of Beogh upon you.
Pain shoots through your body!
* * * LOW HITPOINT WARNING * * *
The orc barely misses you. x2
The orc wizard hits you but does no damage.
You take 2 damage, and have 1/24 hp.
You tentacle-slap the orc priest.
You kill the orc priest!
Your Fighting skill increases to level 2!
You have reached level 4!
The orc closely misses you. The orc hits you.
You die...

#..... .#.....# .
#.#.....# .## #.#.....#
... #.#.....#
#.###.#.....#
####[..#.#.....#######
......o.......>......#
##..#o@...............
#.....)o.............#.
#.#..###.#.#...#######
#. ...#.#<......# #
#####.#.#.....#
#.#.####### #.#.......#
#$#######.# #.#


You could see an orc wizard and 2 orcs.

Vanquished Creatures
  An orc priest (D:3)
  3 adders (D:2)
  A dart slug (D:3)
  4 leopard geckos
  An orc (D:3)
  A giant cockroach (D:2)
  A bat (D:2)
  2 frilled lizards (D:1)
  3 goblins (D:2)
  3 kobolds
  4 rats
24 creatures vanquished.

Notes
Turn   | Place    | Note
-------+----------+-------------------------------------------
     0 | D:1      | Whiskey the Octopode Transmuter began the quest for the
                  | Orb.
     0 | D:1      | Reached XP level 1. HP: 13/13 MP: 3/3
   931 | D:2      | Reached XP level 2. HP: 11/18 MP: 1/5
  1238 | D:2      | Reached XP level 3. HP: 18/23 MP: 4/6
  1564 | D:2      | Found a burning altar of Makhleb.
  1697 | D:2      | Reached skill level 3 in Transmutations
  2298 | D:3      | HP: 4/24 [orc wizard/puff of frost (10)]
  2300 | D:3      | HP: 1/24 [orc priest/nerve-wracking pain (2)]
  2301 | D:3      | Reached skill level 2 in Fighting
  2301 | D:3      | Reached XP level 4. HP: 1/29 MP: 7/7
  2301 | D:3      | Slain by an orc

Illustrated notes

Levels and vault maps discovered:
D:1:      lightli_arrival_farm, layout_basic
D:2:      layout_basic, overflow_temple_1_default, kennysheep_cross_bottleneck
D:3:      layout_basic, hangedman_decor_diamond_cutter, led_sif_book,
          uniq_natasha

Skill      XL: |  1  2  3 |
---------------+----------+-----
Transmutations | 3 |  3.5
Fighting       | 2 |  2.1
Dodging        | |  2.0
Unarmed Combat | |  3.6
Spellcasting   | |  2.0

Action                   |  1- 3 |  4- 6 || total
-------------------------+-------+-------++-------
Melee: Unarmed           |    50 |       ||    50
       Kick              |     9 |       ||     9
       Constrict         |    15 |       ||    15
       Tentacles         |     6 |       ||     6
 Cast: Beastly Appendage |    18 |       ||    18
 Stab: Sleeping          |     5 |       ||     5
Armor: Skin              |     7 |       ||     7
Dodge: Dodged            |    26 |     1 ||    27

Table legend: (Time is in decaauts)
 A = Elapsed time spent in this place.
 B = Non-inter-level travel time spent in this place.
 C = Inter-level travel time spent in this place.
 D = Time resting spent in this place.
 E = Time spent auto-exploring this place.
 F = Levels seen in this place.
 G = Mean time per level.
                   A        B        C        D        E       F      G
               +--------+--------+--------+--------+--------+-----+--------+
         Total |   2298 |   2218 |     80 |      0 |   2052 |   3 |  766.0 |
       Dungeon |   2298 |   2218 |     80 |      0 |   2052 |   3 |  766.0 |
               +--------+--------+--------+--------+--------+-----+--------+

Top non-repeatable levels by time:
     D:2: 1249 daAuts
     D:1: 923 daAuts
     D:3: 125 daAuts

Table legend:
 A = Kills in this place as a percentage of kills in entire the game.
 B = Kills by you in this place as a percentage of kills by you in the entire game.
 C = Kills by friends in this place as a percentage of kills by friends in the entire game.
 D = Other kills in this place as a percentage of other kills in the entire game.
 E = Experience gained in this place as a percentage of experience gained in the entire game.
 F = Experience gained in this place divided by the number of levels of this place that you have seen.
                   A       B       C       D       E      F
               +-------+-------+-------+-------+-------+----------------------
         Total | 100.0 | 100.0 |   N/A |   N/A | 100.0 |  39.7
       Dungeon | 100.0 | 100.0 |   N/A |   N/A | 100.0 |  39.7
               +-------+-------+-------+-------+-------+----------------------
